 Dungeon Crawl Stone Soup version 0.27-a0-46-g34d46f0a3f (webtiles) character file.

Game seed: 17425955460850050256

6999 Borgoz the Carver (level 11, -2/94 HPs)
             Began as a Ghoul Monk on Jan 6, 2021.
             Was a High Priest of Okawaru.
             Slain by a gargoyle
             ... wielding a +0 mace
              (9 damage)
             ... on level 9 of the Dungeon.
             The game lasted 00:13:56 (11024 turns).

Borgoz the Carver (Ghoul Monk)                     Turns: 11024, Time: 00:13:56

Health: -2/94      AC: 13    Str: 19    XL:     11   Next: 8%
Magic:  0/13       EV: 13    Int:  5    God:    Okawaru [*****.]
Gold:   560        SH:  3    Dex: 11    Spells: 10/10 levels left

rFire    . . .     SeeInvis .   a - +5 scimitar (freeze)
rCold    + . .     Faith    .   s - +0 buckler
rNeg     + + +     Spirit   +   j - +0 scale mail
rPois    ∞         Reflect  .   r - +0 helmet
rElec    .         Harm     +   e - scarf {harm}
rCorr    .         Rampage  .   l - +2 pair of gloves
Will     .....                  f - +0 pair of boots
Stlth    +.........             h - amulet of guardian spirit
HPRegen  0.00/turn              w - ring of stealth
MPRegen  0.13/turn              (no ring)

@: marked
A: claws 1, cold resistance 1, negative energy resistance 3, inhibited
regeneration, torment resistance, unbreathing
a: Renounce Religion, Heroism, Finesse


You were on level 9 of the Dungeon.
You worshipped Okawaru.
Okawaru was extremely pleased with you.
You visited 2 branches of the dungeon, and saw 10 of its levels.

You collected 560 gold pieces.

Inventory:

Hand Weapons
 a - a +5 scimitar of freezing (weapon)
 b - a +0 great sword
 d - a +1 dagger of draining
Armour
 e - a scarf of harm (worn)
 f - a +0 pair of boots (worn)
 j - a +0 scale mail (worn)
 l - a +2 pair of gloves (worn)
 r - a +0 helmet (worn)
 s - a +0 buckler (worn)
Jewellery
 c - an uncursed ring of ice
 h - an amulet of guardian spirit (around neck)
 w - a ring of stealth (left hand)
Wands
 g - a wand of acid (13)
 p - a wand of flame (15)
 q - a wand of polymorph (6)
 v - a wand of disintegration (9)
 y - a wand of random effects (17)
 C - a wand of paralysis (9)
Scrolls
 n - a scroll of identify
 o - a scroll of magic mapping
 t - 4 scrolls of remove curse
 u - a scroll of amnesia
Potions
 i - 3 potions of flight
 k - a potion of magic


   Skills:
 + Level 7.8 Fighting
 * Level 9.0 Long Blades
 + Level 5.8 Armour
 * Level 9.0 Dodging
 - Level 2.1 Stealth
 - Level 1.2 Shields
 + Level 4.8 Invocations


You had 10 spell levels left.
You didn't know any spells.
Your spell library contained the following spells:

 Spells                   Type           Power        Failure   Level
 Summon Small Mammal      Summ           0%           91%         1
 Call Imp                 Summ           0%           97%         2
 Call Canine Familiar     Summ           0%           99%         3
 Summon Guardian Golem    Hex/Summ       0%           99%         3
 Summon Ice Beast         Ice/Summ       0%           100%        4
 Summon Lightning Spire   Summ/Air       0%           100%        4


Dungeon Overview and Level Annotations

Branches:
Dungeon (9/15)             Temple (1/1) D:7            Lair (0/6) D:9
    Orc: D:9-12

Altars:
Ashenzari
Cheibriados
Dithmenos
Elyvilon
Fedhas
Gozag
Hepliaklqana
Kikubaaqudgha
Makhleb
Nemelex Xobeh
Okawaru
Qazlal
Ru
Sif Muna
Trog
Uskayaw
Vehumet
Wu Jian
Xom
Yredelemnul
Zin
The Shining One


Innate Abilities, Weirdness & Mutations

You thrive by killing the living.
You are immune to poison.
You have sharp fingernails.
Your flesh is cold resistant. (rC+)
You are immune to negative energy. (rN+++)
You do not regenerate when monsters are visible.
You are immune to unholy pain and torment.
You can survive without breathing.


Message History

You feel better. The hornet stings you!
* * * LOW HITPOINT WARNING * * *
The howler monkey hoots and howls with incredible vigour!
You hit the hornet but do no damage. The hornet closely misses you.
You riposte.
You slash the hornet! You freeze the hornet.
The hornet is severely wounded.
You hit the hornet. You freeze the hornet.
You kill the hornet!
Okawaru accepts your kill.
You feel better.
Your Long Blades skill increases to level 9!
Your Dodging skill increases to level 9!
You hit the gargoyle but do no damage.
The orc wizard mumbles some strange words.
The orc wizard blinks!
The gargoyle hurls a stone arrow at you.
The stone arrow misses you.
The howler monkey hoots and howls with incredible vigour!
You hit the gargoyle but do no damage. The gargoyle hits you with a +0 mace!
You die...

.Y.......J..@....#.#
.(........hOY.†....#
################o.##
).#.....# #gO#
..#.....# #5h#
..#.5#..# #D##
..#:.#.g# #{#
.....#... #9# ....
#... #@# # ###
#######.# # #.#
#.......# # ###.#
#.......# # ##...#
######### ###..###
....## .#### ...#


You could see an acid dragon, a gargoyle, an ogre, a gnoll sergeant, a howler
monkey (catching breath), an orc wizard (fast) and a white imp.

Vanquished Creatures
  Erolcha (D:9)
  Harold (D:9)
  An ugly thing (D:9)
  A hornet (D:9)
  Grinder (D:3)
  2 yaks (D:9)
  Grum (D:8)
  A water moccasin (D:6)
  2 ice beasts
  A black bear (D:8)
  4 phantoms
  4 orc warriors
  An eye of draining (D:9)
  3 ogres
  4 wolves (D:8)
  A centaur (D:9)
  A big kobold (D:6)
  5 bullfrogs
  8 killer bees (D:9)
  17 wights (D:9)
  6 howler monkeys
  A centaur zombie (D:9)
  2 jellies
  6 orc wizards
  2 centaur skeletons
  2 orc priests
  2 hounds
  3 iguanas
  9 worker ants
  2 hound zombies
  5 adders
  2 white imps
  An ufetubus (D:7)
  An ooze (D:6)
  An adder skeleton (D:4)
  A worm (D:4)
  2 dart slugs
  7 leopard geckos
  19 orcs
  5 giant cockroaches
  6 goblins
  5 hobgoblins
  11 jackals
  9 kobolds
  2 quokkas
  10 bats
  5 frilled lizards
  A jackal skeleton (D:6)
  3 rats
  A spectral orc (D:2)
192 creatures vanquished.

Notes
Turn   | Place    | Note
-------+----------+-------------------------------------------
     0 | D:1      | Borgoz the Ghoul Monk began the quest for the Orb.
     0 | D:1      | Reached XP level 1. HP: 19/19 MP: 0/0
    73 | D:1      | Reached XP level 2. HP: 21/26 MP: 1/1
   656 | D:1      | Reached XP level 3. HP: 28/31 MP: 2/2
   966 | D:2      | Reached skill level 1 in Armour
  1447 | D:2      | Reached XP level 4. HP: 38/39 MP: 3/3
  1835 | D:2      | Found a basalt altar of Yredelemnul.
  2658 | D:3      | Noticed a phantom
  2714 | D:3      | Killed a phantom
  2715 | D:3      | Reached XP level 5. HP: 28/46 MP: 2/4
  2997 | D:3      | Found a bloodstained altar of Trog.
  3000 | D:3      | Found a burning altar of Makhleb.
  3004 | D:3      | Found a shadowy altar of Dithmenos.
  3222 | D:3      | Noticed Grinder
  3236 | D:3      | Paralysed by Grinder for 5 turns
  3244 | D:3      | Killed Grinder
  3245 | D:3      | Reached XP level 6. HP: 29/53 MP: 3/5
  3661 | D:4      | Reached XP level 7. HP: 60/60 MP: 6/6
  4126 | D:5      | Entered Level 5 of the Dungeon
  4636 | D:5      | Reached skill level 5 in Long Blades
  4636 | D:5      | Reached skill level 5 in Dodging
  5837 | D:6      | Reached skill level 5 in Fighting
  5837 | D:6      | Reached XP level 8. HP: 51/68 MP: 5/7
  7357 | D:7      | Found a staircase to the Ecumenical Temple.
  7364 | D:7      | Reached XP level 9. HP: 75/75 MP: 6/8
  7455 | Temple   | Entered the Ecumenical Temple
  7655 | Temple   | Became a worshipper of Warmaster Okawaru
  7655 | Temple   | Reached * piety under Okawaru
  7655 | Temple   | Reached ** piety under Okawaru
  8442 | D:8      | Reached skill level 1 in Invocations
  8821 | D:8      | Noticed Grum
  8840 | D:8      | Killed Grum
  8851 | D:8      | Reached skill level 1 in Shields
  9157 | D:8      | Found a broken altar of Ashenzari.
  9287 | D:8      | Reached *** piety under Okawaru
  9490 | D:9      | Noticed Erolcha
  9496 | D:9      | Killed Erolcha
  9496 | D:9      | Reached **** piety under Okawaru
  9497 | D:9      | Reached skill level 5 in Armour
  9497 | D:9      | Reached XP level 10. HP: 80/84 MP: 8/11
 10710 | D:9      | Reached ***** piety under Okawaru
 10776 | D:9      | Found a staircase to the Lair.
 10935 | D:9      | Noticed Harold
 10980 | D:9      | Noticed a purple ugly thing
 10994 | D:9      | Killed Harold
 10994 | D:9      | Received a gift from Okawaru
 11001 | D:9      | Noticed a gargoyle
 11009 | D:9      | Killed a purple ugly thing
 11010 | D:9      | Reached XP level 11. HP: 11/93 MP: 1/13
 11020 | D:9      | HP: 3/93 [hornet (8)]
 11024 | D:9      | Slain by a gargoyle

Illustrated notes

Levels and vault maps discovered:
D:1:      nicolae_arrival_somewhat_less_tricky_arrival, layout_loops_ring
D:2:      layout_loops_ring, yredelemnul_forgotten_temple_becter,
          wander_ebering_terrifying_dragon_lair
D:3:      layout_basic, grunt_temple_overflow_diamond, uniq_grinder
D:4:      layout_gridville
D:5:      layout_basic
D:6:      layout_layer_cave, grunt_tough_drop
D:7:      layout_cave_pools, minmay_temple_entry_sparse_star, serial_rivers,
          chequers_serial_rivers_micro_e, chequers_serial_rivers_micro_e,
          chequers_serial_rivers_micro_b, chequers_serial_rivers_room_a
D:8:      layout_basic, cheibrodos_ashenzari_chains, uniq_grum
D:9:      kennysheep_windowed_halls, layout_rooms, lair_entry_dummy,
          uniq_erolcha, uniq_harold
Temple:   eino_narrow_crystal_temple

Skill      XL: |  1  2  3  4  5  6  7  8  9 10 11 |
---------------+----------------------------------+-----
Dodging        | 3 4 5 6 7 8 9 |  9.0
Long Blades    | 3 4 5 6 7 8 9 |  9.0
Armour         | 1 2 3 5 |  5.8
Fighting       | 4 5 6 7 |  7.8
Invocations    | 3 4 |  4.8
Shields        | 1 |  1.2
Stealth        | |  2.1

Action                   |  1- 3 |  4- 6 |  7- 9 | 10-12 || total
-------------------------+-------+-------+-------+-------++-------
Melee: Falchion          |   112 |   161 |   360 |       ||   633
       Great sword       |       |       |    15 |    61 ||    76
       Long sword        |       |       |     3 |       ||     3
       Scimitar          |       |       |       |   100 ||   100
Invok: Heroism           |       |       |     1 |       ||     1
  Use: Scroll            |     2 |     2 |    11 |     3 ||    18
       Potion            |     1 |     1 |     7 |     2 ||    11
 Stab: Sleeping          |     3 |     1 |       |     1 ||     5
Armor: Robe              |    23 |     8 |       |       ||    31
       Scale mail        |       |    51 |   204 |    66 ||   321
Dodge: Dodged            |   103 |    83 |   208 |   159 ||   553
Block: Buckler           |       |       |    40 |    19 ||    59
       Rpst.: Falchion   |    34 |    23 |    63 |       ||   120
       Long sword        |       |       |     2 |       ||     2
       Great sword       |       |       |     4 |    23 ||    27
       Scimitar          |       |       |       |    17 ||    17

Table legend: (Time is in decaauts)
 A = Elapsed time spent in this place.
 B = Non-inter-level travel time spent in this place.
 C = Inter-level travel time spent in this place.
 D = Time resting spent in this place.
 E = Time spent auto-exploring this place.
 F = Levels seen in this place.
 G = Mean time per level.
                   A        B        C        D        E       F      G
               +--------+--------+--------+--------+--------+-----+--------+
         Total |  11051 |  10685 |    366 |   2293 |   6558 |  10 | 1105.1 |
       Dungeon |  10843 |  10505 |    338 |   2293 |   6379 |   9 | 1204.8 |
        Temple |    208 |    180 |     28 |      0 |    179 |   1 |  208.0 |
               +--------+--------+--------+--------+--------+-----+--------+

Top non-repeatable levels by time:
     D:6: 1840 daAuts
     D:9: 1545 daAuts
     D:3: 1412 daAuts
     D:5: 1336 daAuts
     D:8: 1201 daAuts
     D:2: 1108 daAuts
     D:1: 938 daAuts
     D:7: 777 daAuts
     D:4: 683 daAuts
  Temple: 208 daAuts
